 Dungeon Crawl Stone Soup version 0.27-a0-906-g0a00ce863d (webtiles) character file.

Game seed: 17163329120296800389

72 jestyr24 the Ducker (level 4, 0/33 HPs)
             Began as a Demonspawn Gladiator on Apr 7, 2021.
             Slain by Grinder (2 damage)
             ... on level 4 of the Dungeon.
             The game lasted 00:07:58 (2486 turns).

jestyr24 the Ducker (Demonspawn Gladiator)          Turns: 2486, Time: 00:07:59

Health: 0/33       AC:  4    Str: 15    XL:     4   Next: 7%
Magic:  4/4        EV: 12    Int: 10    God:
Gold:   54         SH:  0    Dex: 14    Spells: 3/3 levels left

rFire    . . .     SeeInvis .   a - +0 quarterstaff
rCold    . . .     Faith    .   (shield currently unavailable)
rNeg     . . .     Spirit   .   b - +0 leather armour
rPois    .         Reflect  .   g - +0 helmet
rElec    .         Harm     .   (no cloak)
rCorr    .         Rampage  .   (no gloves)
Will     +....                  (no boots)
Stlth    +.........             (no amulet)
HPRegen  0.11/turn              k - ring of willpower
MPRegen  0.09/turn              (no ring)

@: no status effects
A: hooves 1, foul stench 1
a: no special abilities


You were on level 4 of the Dungeon.
You visited 1 branch of the dungeon, and saw 4 of its levels.

You collected 54 gold pieces.

Inventory:

Hand Weapons
 a - a +0 quarterstaff (weapon)
Missiles
 d - 3 throwing nets (quivered)
Armour
 b - a +0 leather armour (worn)
 g - a +0 helmet (worn)
Jewellery
 k - a ring of willpower (left hand)
Wands
 s - a wand of digging (3)
Scrolls
 f - a scroll of enchant armour {unknown}
 h - a scroll of immolation
 i - 3 scrolls of fear
 j - a scroll of teleportation
 o - a scroll of amnesia {unknown}
 p - a scroll of blinking {unknown}
 t - a scroll of noise {unknown}
 v - a scroll of enchant weapon {unknown}
Potions
 c - a potion of berserk rage {unknown}
 e - a potion of magic {unknown}
 l - a potion of attraction {unknown}
 m - 3 potions of invisibility {unknown}
 n - a potion of cancellation {unknown}
 q - 2 potions of lignification {unknown}
 r - a potion of haste {unknown}
 u - a potion of might {unknown}


   Skills:
 + Level 2.2 Fighting
 - Level 3.4 Staves
 + Level 1.8 Throwing
 + Level 1.2 Armour
 + Level 3.4 Dodging


You had 3 spell levels left.
You didn't know any spells.
Your spell library contained the following spells:

 Spells                   Type           Power      Damage    Failure   Level
 Confusing Touch          Hex            0%         N/A       80%         3
 Gell's Gravitas          Tloc           0%         N/A       80%         3
 Petrify                  Tmut/Erth      0%         N/A       99%         4
 Metabolic Englaciation   Hex/Ice        0%         N/A       100%        5
 Yara's Violent Unravell  Hex/Tmut       0%         3d3       100%        5


Dungeon Overview and Level Annotations

Branches:
Dungeon (4/15)
 Temple: D:4-7

Altars:
Sif Muna
Vehumet

Shops:
D:2 ?

Annotations:
D:4 Grinder


Innate Abilities, Weirdness & Mutations

You have large cloven feet.
You may rarely emit foul miasma when damaged in melee.


Message History

There is an open door here.
A goblin comes into view. It is wielding a +0 club.
The goblin shouts!
An ogre comes into view. It is wielding a +0 giant club.
You open the door.
There is an open door here.
There is a stone staircase leading up here.
You climb upwards.
There is a stone staircase leading down here.
There is an open door here.
There is an escape hatch in the floor here.
There is a stone staircase leading down here.
Partly explored, can't reach some items and places.
Partly explored, can't reach some items and places.
You climb downwards.
Grinder comes into view.
Found a scroll labelled VOSMIUR JUYG.
There is a stone staircase leading up here.
Grinder gestures at you.
You easily resist.
Grinder gestures at you. You resist with some effort.
You sock Grinder!
Grinder is moderately wounded.
Grinder hits you.
You writhe in agony.
You hit Grinder.
Grinder is moderately wounded.
Grinder blinks!
Grinder gestures at you.
You suddenly lose the ability to move!
Grinder hits you.
You writhe in agony.
Grinder hits you!
You writhe in agony.
* * * LOW HITPOINT WARNING * * *
You can move again.
You sock Grinder! You kick Grinder.
Grinder is heavily wounded.
Grinder hits you.
* * * LOW HITPOINT WARNING * * *
You writhe in agony.
You die...

..'..............# #.....#...
..#..............#.....#.....#...
..#..............#.....#.....#...
..#..............#.....#.....#...
..#...##'####...##.....#.....#...
#######.....######.....#.....#..>
#.....+... #...###.....####
#.....#...##...#.........#.
#.....#?.5@....#.........#.
#.....#.......<#.........#.
#.....#+####...#.........#.
#.....# #...#.........#. #.....#
#...#........(#. #.....#
#...#.........#. #.....#
.#####.........## #......
........#'####... ####...#
##......#....#...


You could see Grinder.

Vanquished Creatures
  A killer bee zombie (D:2)
  An adder (D:4)
  2 worms
  2 dart slugs (D:1)
  2 orcs (D:4)
  3 bats
  6 endoplasms
  2 goblins
  3 hobgoblins
  A quokka (D:1)
  4 ball pythons
  A frilled lizard (D:1)
  2 kobolds (D:1)
  A rat (D:1)
31 creatures vanquished.

Notes
Turn   | Place    | Note
-------+----------+-------------------------------------------
     0 | D:1      | jestyr24 the Demonspawn Gladiator began the quest for the
                  | Orb.
     0 | D:1      | Reached XP level 1. HP: 16/16 MP: 1/1
   139 | D:1      | Gained mutation: You have large cloven feet. [demonic
                  | ancestry]
   139 | D:1      | Reached XP level 2. HP: 22/22 MP: 2/2
   840 | D:2      | Found Exurhus's Magic Scroll Emporium.
   852 | D:2      | Gained mutation: You may rarely emit foul miasma when
                  | damaged in melee. [demonic ancestry]
   852 | D:2      | Reached XP level 3. HP: 13/27 MP: 3/3
  1020 | D:2      | Found a shimmering blue altar of Sif Muna.
  1501 | D:3      | Found a shimmering blue altar of Sif Muna.
  1502 | D:3      | Found a radiant altar of Vehumet.
  1689 | D:3      | Found a faded altar of an unknown god.
  1817 | D:3      | Reached skill level 1 in Armour
  2112 | D:4      | Reached XP level 4. HP: 20/33 MP: 4/4
  2423 | D:4      | Noticed an ogre
  2476 | D:4      | Noticed Grinder
  2482 | D:4      | Paralysed by Grinder for 4 turns
  2486 | D:4      | Slain by Grinder

Illustrated notes

Levels and vault maps discovered:
D:1:      minmay_arrival_pointy, layout_basic
D:2:      layout_basic, serial_shops, shop, basic_altar
D:3:      layout_basic, minitemple, shapermc_ecumenical_altar_notcrosses,
          lemuel_flame_loot_1
D:4:      layout_gridville, minmay_misc_feat_room, serial_bayou_lagoon_b,
          uniq_ijyb, uniq_grinder

Skill      XL: |  1  2  3 |
---------------+----------+-----
Dodging        | 3 |  3.4
Staves         | 3 |  3.4
Armour         | 1 |  1.2
Fighting       | |  2.2
Throwing       | |  1.8

Action                   |  1- 3 |  4- 6 || total
-------------------------+-------+-------++-------
Melee: Quarterstaff      |    79 |    19 ||    98
       Kick              |    18 |     5 ||    23
  Use: Scroll            |     3 |       ||     3
Armor: Leather armour    |    20 |       ||    20
Dodge: Dodged            |    65 |    11 ||    76

Table legend: (Time is in decaauts)
 A = Elapsed time spent in this place.
 B = Non-inter-level travel time spent in this place.
 C = Inter-level travel time spent in this place.
 D = Time resting spent in this place.
 E = Time spent auto-exploring this place.
 F = Levels seen in this place.
 G = Mean time per level.
                   A        B        C        D        E       F      G
               +--------+--------+--------+--------+--------+-----+--------+
         Total |   2503 |   2388 |    115 |    240 |   1694 |   4 |  625.8 |
       Dungeon |   2503 |   2388 |    115 |    240 |   1694 |   4 |  625.8 |
               +--------+--------+--------+--------+--------+-----+--------+

Top non-repeatable levels by time:
     D:1: 811 daAuts
     D:2: 603 daAuts
     D:3: 555 daAuts
     D:4: 534 daAuts
